 Dungeon Crawl Stone Soup version 0.28.0-45-g0d030f2227 (webtiles) character file.

Game seed: 11865134879872744405

277 101zpm the Chiller (level 6, -2/33 HPs)
             Began as a Deep Elf Ice Elementalist on Apr 20, 2022.
             Slain by Edmund
             ... wielding a +1 dire flail of protection
              (8 damage)
             ... on level 4 of the Dungeon.
             The game lasted 00:09:29 (4876 turns).

101zpm the Chiller (Deep Elf Ice Elementalist)      Turns: 4876, Time: 00:09:30

Health: -2/33      AC:  3    Str:  5    XL:     6   Next: 4%
Magic:  1/16       EV: 13    Int: 22    God:
Gold:   52         SH:  0    Dex: 15    Spells: 4/16 levels left

rFire   . . .      SeeInvis .   g - +2 dagger (holy)
rCold   . . .      Faith    .   (no shield)
rNeg    . . .      Spirit   .   a - +0 robe
rPois   .          Reflect  .   (no helmet)
rElec   .          Harm     .   (no cloak)
rCorr   .          Rampage  .   (no gloves)
Will    .....                   t - +0 pair of boots
Stlth   ++........              (no amulet)
HPRegen 0.11/turn               (no ring)
MPRegen 0.15/turn               (no ring)

@: freezing walls
A: no striking features
a: no special abilities


You were on level 4 of the Dungeon.
You visited 1 branch of the dungeon, and saw 4 of its levels.

You collected 52 gold pieces.

Inventory:

Hand Weapons
 b - a +0 hunting sling
 g - a +2 dagger of holy wrath (weapon)
Missiles
 h - 43 stones
Armour
 a - a +0 robe (worn)
 t - a +0 pair of boots (worn)
Magical Staves
 m - a staff of earth
 s - a staff of fire
Scrolls
 d - a scroll of blinking {unknown}
 e - a scroll of noise {unknown}
 i - a scroll of holy word {unknown}
 j - 5 scrolls of teleportation {unknown}
 k - 2 scrolls of identify {unknown}
 n - a scroll of amnesia {unknown}
 q - a scroll of enchant armour {unknown}
 r - a scroll of fear {unknown}
Potions
 c - 2 potions of haste {unknown}
 f - a potion of cancellation {unknown}
 l - 2 potions of magic {unknown}
 o - a potion of curing {unknown}
 p - a potion of mutation {unknown}


   Skills:
 + Level 0.4 Fighting
 + Level 1.2 Short Blades
 + Level 2.9 Dodging
 + Level 3.0 Stealth
 + Level 5.5 Spellcasting
 + Level 1.3 Conjurations
 + Level 6.0 Ice Magic


You had 4 spell levels left.
You knew the following spells:

 Your Spells              Type           Power      Damage    Failure   Level
a - Freeze                Ice            100%       1d11      1%          1
b - Frozen Ramparts       Ice            64%        1d8       2%          3
c - Ozocubu's Armour      Ice            32%        N/A       2%          3
d - Hailstorm             Conj/Ice       22%        3d7       21%         4
e - Magic Dart            Conj           44%        1d5       5%          1

Your spell library contained the following spells:

 Spells                   Type           Power      Damage    Failure   Level
 Shock                    Conj/Air       36%        1d5       8%          1
 Call Imp                 Summ           6%         N/A       14%         2
 Mephitic Cloud           Conj/Pois/Air  8%         N/A       24%         3
 Swiftness                Air            6%         N/A       28%         3
 Airstrike                Air            3%         N/A       67%         4


Dungeon Overview and Level Annotations

Branches:
Dungeon (4/15)
 Temple: D:4-7

Altars:
Zin

Annotations:
D:4 Edmund


Message History

Aim: Edmund, wielding a +1 dire flail of protection and wearing a +0 chain mail (lightly wounded, 100% to hit)
The magic dart hits Edmund but does no damage.
Edmund is lightly wounded.
The wall freezes Edmund.
Edmund completely misses you.
Casting: Magic Dart (safe; 5% risk of failure)
Confirm with . or Enter, or press ? or * to list all spells.
Aiming: Magic Dart (safe; 5% risk of failure)
Press: ? - help, Shift-Dir - straight line, f/p - Edmund
Aim: Edmund, wielding a +1 dire flail of protection and wearing a +0 chain mail (lightly wounded, 100% to hit)
The magic dart hits Edmund but does no damage.
Edmund is lightly wounded.
The frozen ramparts melt away.
Edmund hits you with a +1 dire flail of protection!
Your icy armour will break if you move.
Continue?
Okay, then.
Your icy armour will break if you move.
Continue?
Your icy armour cracks and falls away as you move.
Casting: Magic Dart (safe; 5% risk of failure)
Confirm with . or Enter, or press ? or * to list all spells.
Casting: Frozen Ramparts (dangerous; 2% risk of failure)
Press: ? - help, Dir - look around, f - activate The walls around you are covered in ice.
The wall freezes Edmund.
Edmund hits you with a +1 dire flail of protection!
The wall freezes the quokka.
You hit Edmund but do no damage.
Edmund is moderately wounded.
The wall freezes the quokka.
You kill the quokka!
The wall freezes Edmund.
Edmund hits you with a +1 dire flail of protection!
* * * LOW HITPOINT WARNING * * *
Aiming: Freeze (safe; 1% risk of failure)
Press: ? - help, Q - select action, (/) - cycle Shift-Dir - straight line, f - Edmund
Aim: Edmund, wielding a +1 dire flail of protection and wearing a +0 chain mail (moderately wounded)
You freeze Edmund!
Edmund is heavily wounded.
The wall freezes Edmund.
Edmund hits you with a +1 dire flail of protection!
You die...

..........#.#.@...#...##
..........#.....#......#
..........# #......#..#
..........# #.##......#
..........# #.##....#.#
.......o..# #.##......#
#........# #.#†).....#
#.....o### #.#@#..#..#
#......# #.#@#.....#
#......######)#.##.##.#
#......##..........# .#
#......##.[....##### .#
#......'.......#
##.....##......#
..'.....+.[######
.##.....##.# ########.#


You could see Edmund.

Vanquished Creatures
  A water moccasin (D:4)
  2 orc priests (D:3)
  3 adders (D:2)
  An adder skeleton (D:4)
  A worm (D:4)
  3 dart slugs
  5 orcs
  3 bats
  5 endoplasms
  6 giant cockroaches
  8 goblins
  9 hobgoblins
  2 jackals (D:3)
  3 quokkas
  8 ball pythons
  2 frilled lizards
  8 kobolds
  6 rats
76 creatures vanquished.

Vanquished Creatures (others)
  7 plants (D:2)
7 creatures vanquished.

Grand Total: 83 creatures vanquished

Notes
Turn   | Place    | Note
-------+----------+-------------------------------------------
     0 | D:1      | 101zpm the Deep Elf Ice Elementalist began the quest for
                  | the Orb.
     0 | D:1      | Reached XP level 1. HP: 10/10 MP: 6/6
   171 | D:1      | Reached XP level 2. HP: 15/15 MP: 1/8
   597 | D:1      | Reached skill level 5 in Ice Magic
  1038 | D:1      | Reached XP level 3. HP: 19/19 MP: 10/10
  1114 | D:1      | Found a faded altar of an unknown god.
  2426 | D:2      | Reached skill level 1 in Short Blades
  2442 | D:2      | Reached XP level 4. HP: 22/24 MP: 2/12
  2770 | D:2      | Found a glowing silver altar of Zin.
  3363 | D:3      | Reached XP level 5. HP: 15/28 MP: 2/14
  4214 | D:4      | Learned a level 3 spell: Frozen Ramparts
  4218 | D:4      | Learned a level 3 spell: Ozocubu's Armour
  4223 | D:4      | Learned a level 4 spell: Hailstorm
  4225 | D:4      | Learned a level 1 spell: Magic Dart
  4723 | D:4      | Noticed a water moccasin
  4730 | D:4      | Killed a water moccasin
  4731 | D:4      | Reached skill level 5 in Spellcasting
  4731 | D:4      | Reached skill level 1 in Conjurations
  4731 | D:4      | Reached skill level 6 in Ice Magic
  4731 | D:4      | Reached XP level 6. HP: 33/33 MP: 4/16
  4819 | D:4      | Noticed Edmund
  4876 | D:4      | Slain by Edmund

Illustrated notes

Levels and vault maps discovered:
D:1:      nzn_arrival_crosshair, layout_basic,
          shapermc_ecumenical_altar_mp_vishouse
D:2:      layout_loops_ring, basic_altar, serial_forest,
          infiniplex_forest_end_3, infiniplex_forest_lined_2,
          infiniplex_forest_clump_medium, infiniplex_forest_end_double,
          infiniplex_forest_straight_1, infiniplex_forest_clump_diagonal
D:3:      layout_loops_ring, minmay_hedge_maze
D:4:      layout_basic, minmay_temple_entry_statues_pillars,
          minmay_misc_feat_five, minivault_4, feat_on_display, uniq_natasha,
          uniq_edmund

Skill      XL: |  1  2  3  4  5 |
---------------+----------------+-----
Ice Magic      | 5 6 |  6.0
Short Blades   | 1 |  1.2
Spellcasting   | 4 5 |  5.5
Stealth        | 3 |  3.0
Conjurations   | 1 |  1.3
Fighting       | |  0.4
Dodging        | |  2.9

Action                   |  1- 3 |  4- 6 || total
-------------------------+-------+-------++-------
Melee: Unarmed           |     1 |       ||     1
       Dagger            |    63 |    69 ||   132
       Punch             |     2 |     4 ||     6
 Cast: Freeze            |    39 |    57 ||    96
       Magic Dart        |       |    25 ||    25
       Frozen Ramparts   |       |     7 ||     7
       Ozocubu's Armour  |       |     2 ||     2
 Stab: Sleeping          |     5 |       ||     5
Armor: Robe              |    11 |     6 ||    17
Dodge: Dodged            |    60 |    31 ||    91
